 Dungeon Crawl Stone Soup version 0.23.0-3-gf3c87f2 (webtiles) character file.

Game seed: 11675252192872278902

64 Tiagovsky the Skirmisher (level 4, -5/29 HPs)
             Began as a Gargoyle Fighter on Feb 23, 2019.
             Slain by Sigmund
             ... wielding a +0 scythe
              (8 damage)
             ... on level 2 of the Dungeon.
             The game lasted 00:06:19 (1213 turns).

Tiagovsky the Skirmisher (Gargoyle Fighter)         Turns: 1213, Time: 00:06:20

Health: -5/29      AC: 11    Str: 25    XL:     4   Next: 12%
Magic:  4/4        EV:  7    Int:  9    God:
Gold:   79         SH:  9    Dex:  9    Spells: 3/3 levels left

rFire    . . .     SeeInvis .   w - +0 whip
rCold    . . .     Gourm    .   c - +0 shield
rNeg     + . .     Faith    .   b - +0 scale mail
rPois    ∞         Spirit   .   (no helmet)
rElec    +         Reflect  .   (no cloak)
rCorr    .         Harm     .   n - +0 pair of gloves
MR       .....                  (no boots)
Stlth    ..........             (no amulet)
HPRegen  0.09/turn              (no ring)
MPRegen  0.09/turn              (no ring)

@: mighty
A: negative energy resistance 1, electricity resistance, unbreathing,
petrification resistance, rot immunity, AC +3
a: no special abilities


You were on level 2 of the Dungeon.
You were not hungry.

You visited 1 branch of the dungeon, and saw 2 of its levels.

You collected 79 gold pieces.

Inventory:

Hand Weapons
 a - a +0 flail
 q - a +0 hunting sling
 w - a +0 whip (weapon)
Missiles
 r - 52 stones (quivered)
Armour
 b - a +0 scale mail (worn)
 c - a +0 shield (worn)
 n - a +0 pair of gloves (worn)
Scrolls
 e - 2 scrolls of teleportation {unknown}
 h - 2 scrolls of identify {unknown}
 i - 2 scrolls of remove curse {unknown}
 k - 2 scrolls of fear {unknown}
 l - a scroll of amnesia {unknown}
 p - a scroll of enchant armour {unknown}
Potions
 j - 2 potions of curing {unknown}
 o - a potion of lignification {unknown}
Comestibles
 f - 3 rations
 g - 6 chunks of flesh


   Skills:
 + Level 4.1 Fighting
 + Level 2.9 Maces & Flails
 - Level 3.2 Armour
 + Level 4.0 Shields


You had 3 spell levels left.
You didn't know any spells.
Your spell library was empty.

Dungeon Overview and Level Annotations

Branches:
Dungeon (2/15)

Altars:
Elyvilon

Annotations:
D:2 Sigmund


Innate Abilities, Weirdness & Mutations

You are resistant to torment.
Your stone body is resilient. (AC +3)
You are immune to poison.
You resist negative energy. (rN+)
You are resistant to electric shocks. (rElec)
You can survive without breathing.
You are immune to petrification.
You are immune to rotting.


Message History

You block something's attack.
You see here a stone.
You closely miss something. You hit something. Something hits you!
* * * LOW HITPOINT WARNING * * *
Your shield and scale mail prevent you from hitting something.
Something hits you.
* * * LOW HITPOINT WARNING * * *
You closely miss something. You closely miss something.
Something hits you but does no damage.
You hit something but do no damage. You block something's attack.
You barely miss something. You closely miss something.
Something hits you but does no damage.
You feel very mighty all of a sudden. Something hits you.
* * * LOW HITPOINT WARNING * * *
The frilled lizard unfolds its giant frill.
You closely miss something. You closely miss something. Something hits you!
You die...

.# ###.##### .## #.....# #.
#.. #######.#### ...# S.
............ .....###.#
#######..### ..>....{.#
##.# .....##..# #### #.##
......#K##### #..## #..## #
#..lS.@(## #...# ##...
#....##.###..#####..#######
#....##.####.#.........##..
.........###....##.##.....#
.#######...........####....
#.#..#####.......#..
##...## ##.<#...... #....#
##...##... .######.##.#
###...)##..#


You could see an adder, a kobold and a frilled lizard.

Vanquished Creatures
  An adder (D:2)
  An ooze (D:2)
  2 dart slugs (D:1)
  5 bats
  3 giant cockroaches (D:1)
  6 goblins
  9 hobgoblins
  6 jackals (D:1)
  A kobold (D:2)
  A quokka (D:2)
  4 frilled lizards
  2 rats
41 creatures vanquished.

Notes
Turn   | Place    | Note
-------+----------+-------------------------------------------
     0 | D:1      | Tiagovsky the Gargoyle Fighter began the quest for the Orb.
     0 | D:1      | Reached XP level 1. HP: 14/14 MP: 1/1
   308 | D:1      | Reached XP level 2. HP: 15/19 MP: 2/2
   610 | D:1      | Reached XP level 3. HP: 24/24 MP: 3/3
   987 | D:2      | Found a white marble altar of Elyvilon.
  1066 | D:2      | Reached XP level 4. HP: 29/29 MP: 4/4
  1188 | D:2      | Noticed Sigmund
  1213 | D:2      | Slain by Sigmund

Skill      XL: |  1  2  3 |
---------------+----------+-----
Fighting       | 4 |  4.1
Shields        | 4 |  4.0
Maces & Flails | |  2.9
Armour         | |  3.2

Action                   |  1- 3 |  4- 6 || total
-------------------------+-------+-------++-------
Melee: Flail             |    70 |       ||    70
       Whip              |    78 |    19 ||    97
  Use: Potion            |       |     1 ||     1
  Eat: Chunk             |     1 |       ||     1
Armor: Scale mail        |    68 |     4 ||    72
Dodge: Dodged            |    39 |     2 ||    41
Block: Shield            |    95 |     7 ||   102
